 Dungeon Crawl Stone Soup version 0.28.0 (webtiles) character file.

Game seed: 14675873011386352481

916 fragbeetle the Chopper (level 7, 0/67 HPs)
             Began as a Demonspawn Gladiator on Feb 13, 2022.
             Was a Priest of Hepliaklqana.
             Slain by a killer bee (3 damage)
             ... on level 3 of the Dungeon.
             The game lasted 00:10:09 (5579 turns).

fragbeetle the Chopper (Demonspawn Gladiator)       Turns: 5579, Time: 00:10:10

Health: 0/67       AC:  8    Str: 14 (17) XL:     7   Next: 83%
Magic:  7/7        EV: 12    Int:  8 (9)  God:    Hepliaklqana [***...]
Gold:   232        SH:  4    Dex: 16 (18) Spells: 4/6 levels left

rFire   . . .      SeeInvis .   b - +1 whip "Qeul Akyashe" {protect, rElec rC+ rN+ Dex+4}
rCold   + . .      Faith    .   (no shield)
rNeg    + . .      Spirit   .   s - +3 leather armour
rPois   .          Reflect  .   c - +0 helmet
rElec   +          Harm     .   (no cloak)
rCorr   .          Rampage  .   (no gloves)
Will    .....                   (no boots)
Stlth   ..........              (no amulet)
HPRegen 0.21/turn               (no ring)
MPRegen 0.10/turn               (no ring)

@: berserking, lethally poisoned (0 -> -5), very quick
A: reduced essence, demonic guardian 1, sharp scales 1, condensation shield,
weakness stinger 2
a: Renounce Religion, Recall Ancestor, Ancestor Identity, Transference


You were on level 3 of the Dungeon.
You worshipped Hepliaklqana.
Hepliaklqana was most pleased with you.
You visited 1 branch of the dungeon, and saw 6 of its levels.

You collected 232 gold pieces.

Inventory:

Hand Weapons
 a - a +0 war axe
 b - the +1 whip "Qeul Akyashe" (weapon) {protect, rElec rC+ rN+ Dex+4}
   (You found it on level 4 of the Dungeon)

   It grants its wielder temporary protection when it strikes (+7 to AC).
   Dex:       It affects your dexterity (+4).
   rC:        It protects you from cold.
   rElec:     It insulates you from electricity.
   rN:        It protects you from negative energy.
 l - a +2 dagger of venom
 r - a +2 vorpal hand axe
Missiles
 d - 5 throwing nets (quivered)
 e - 13 poisoned darts
 p - 7 curare-tipped darts
Armour
 c - a +0 helmet (worn)
 m - a +0 kite shield
 s - a +3 leather armour (worn)
Scrolls
 f - 2 scrolls of vulnerability {unknown}
 h - 3 scrolls of identify {unknown}
 j - a scroll of noise {unknown}
 k - a scroll of silence {unknown}
 n - a scroll of brand weapon {unknown}
 o - a scroll of holy word {unknown}
 t - 3 scrolls of enchant armour {unknown}
Potions
 g - 2 potions of degeneration
 q - a potion of mutation {unknown}
 u - a potion of curing {unknown}


   Skills:
 - Level 2.0 Fighting
 - Level 6.9(7.6) Axes
 + Level 5.0(6.7) Maces & Flails
 - Level 1.7 Throwing
 - Level 2.6 Dodging


You had 4 spell levels left.
You knew the following spells:

 Your Spells              Type           Power      Damage    Failure   Level
a - Corpse Rot            Necr/Air       0%         N/A       63%         2

Your spell library contained the following spells:

 Spells                   Type           Power      Damage    Failure   Level
 Sublimation of Blood     Necr           0%         N/A       63%         2
 Wereblood                Tmut           0%         N/A       63%         2
 Dispel Undead            Necr           0%         3d6       99%         4
 Death Channel            Necr           0%         N/A       100%        6
 Summon Hydra             Summ           0%         N/A       100%        7


Dungeon Overview and Level Annotations

Branches:
Dungeon (6/15)
 Temple: D:4-7

Altars:
Hepliaklqana
Trog


Innate Abilities, Weirdness & Mutations

Your life essence is reduced to manifest your ancestor. (-10% HP)
A weak demonic guardian rushes to your aid.
You are partially covered in razor-sharp scales. (AC +1, Slay +1)
A meltable shield of frost defends you. (SH +4)
You have a tail ending in a sharp stinger.


Message History

Your quasit closely misses the killer bee. x2
Your quasit claws the killer bee but does no damage.
The killer bee stings you.
The killer bee stings you but does no damage.
You climb upwards.
There is a stone staircase leading down here.
You miss the killer bee.
Your tail-slap misses the killer bee.
The killer bee stings you.
You are poisoned.
The killer bee poisons you! The killer bee completely misses you.
Unknown command.
Okay, then.
You feel very sick.
You feel sick. The killer bee stings you. You block the killer bee's attack.
There is a stone staircase leading up here.
You feel sick. You block the killer bee's attack. The killer bee stings you.
* * * LOW HITPOINT WARNING * * *
The killer bee stings you.
* * * LOW HITPOINT WARNING * * *
You are lethally poisoned!
The killer bee poisons you! The killer bee stings you.
* * * LOW HITPOINT WARNING * * *
You climb upwards.
* * * LOW HITPOINT WARNING * * *
You feel very sick.
There is a stone staircase leading down here.
It was a potion of degeneration.
There was something very wrong with that liquid.
You feel weakened.
You feel dopey.
You feel clumsy.
* * * LOW HITPOINT WARNING * * *
You feel sick.
The killer bee stings you but does no damage. x2
You block the killer bee's attack. The killer bee closely misses you.
It was a potion of berserk rage.
A red film seems to cover your vision as you go berserk!
You feel yourself moving faster!
You feel mighty!
* * * LOW HITPOINT WARNING * * *
You feel sick. The killer bee completely misses you.
You block the killer bee's attack. The killer bee stings you.
You die...

.........##..........#
.#....)####..........#
.#.....# #..........#
.#.....##########.##.#
##.....#.(....#
#.##.##########
#.....#......#
#.##..........#
#.....#.>....#
#.###########.#
##....)#......###y#####
#.#
...............y@.....#
#.#
#........###..#######.#
#.# #........#≈#..#
#...#.# #.#
#.#####)##≈#### #.#.#.###
#.# #.#......#≈##
#.#.....# #)#
#.#.......≈.# #.###†#.#
#.#
..#.......≈.#####.....#.#
#.#
..#...)...≈...........#.#
#.#
..#......###########.##.#
#.#


You could see 2 killer bees.

Vanquished Creatures
  2 black bears
  A sky beast (D:4)
  A phantom (D:4)
  A water moccasin skeleton (D:5)
  2 orc wizards (D:4)
  A scorpion zombie (D:4)
  A gnoll (D:3)
  An adder (D:2)
  A hexer (D:4)
  An ufetubus (D:3)
  An adder zombie (D:4)
  3 worms
  3 dart slugs
  5 orcs
  7 endoplasms
  2 giant cockroaches
  7 goblins
  2 hobgoblins (D:3)
  3 jackals (D:4)
  4 quokkas
  5 ball pythons
  5 bats
  A frilled lizard (D:1)
  12 kobolds
  8 rats
80 creatures vanquished.

Vanquished Creatures (collateral kills)
  An ogre (D:4)
  A necrophage (D:4)
  A jelly (D:2)
  An iguana (D:4)
  2 orc wizards (D:4)
  3 gnolls (D:3)
  An adder (D:2)
  A worm (D:3)
  An orc (D:4)
  2 hobgoblins
  A quokka (D:4)
  2 ball pythons (D:2)
  A goblin (D:4)
  A kobold (D:4)
19 creatures vanquished.

Vanquished Creatures (others)
  A hexer (D:3)
  2 ancestors (D:2)
  3 withered plants (D:1)
6 creatures vanquished.

Grand Total: 105 creatures vanquished

Notes
Turn   | Place    | Note
-------+----------+-------------------------------------------
     0 | D:1      | fragbeetle the Demonspawn Gladiator began the quest for the
                  | Orb.
     0 | D:1      | Reached XP level 1. HP: 16/16 MP: 1/1
    37 | D:1      | Found a faded altar of an unknown god.
    46 | D:1      | Prayed at the altar of an unknown god.
    46 | D:1      | Became a worshipper of Hepliaklqana the Forgotten
    46 | D:1      | Reached * piety under Hepliaklqana
    86 | D:1      | Reached skill level 3 in Axes
   101 | D:1      | Gained mutation: You have a small tail. [demonic ancestry]
   101 | D:1      | Reached XP level 2. HP: 13/19 MP: 2/2
   794 | D:2      | Reached XP level 3. HP: 24/24 MP: 3/3
   892 | D:2      | Reached skill level 4 in Axes
  1242 | D:2      | Reached ** piety under Hepliaklqana
  1243 | D:2      | Remembered your ancestor Bob Pizza as a hexer
  1433 | D:2      | HP: 1/24 [acid (7)]
  1435 | D:2      | Gained mutation: You have a tail ending in a sharp stinger.
                  | [demonic ancestry]
  1435 | D:2      | Reached XP level 4. HP: 1/29 MP: 4/4
  2084 | D:3      | Reached skill level 5 in Axes
  2411 | D:3      | Noticed a black bear
  2426 | D:3      | Killed a black bear
  2427 | D:3      | Gained mutation: A meltable shield of frost defends you.
                  | (SH +4) [demonic ancestry]
  2427 | D:3      | Reached XP level 5. HP: 12/34 MP: 5/5
  2827 | D:3      | Reached skill level 6 in Axes
  3056 | D:3      | Noticed a moth of wrath
  3061 | D:3      | Found a bloodstained altar of Trog.
  3617 | D:3      | Gained mutation: You are partially covered in razor-sharp
                  | scales. (AC +1, Slay +1) [demonic ancestry]
  3617 | D:3      | Reached XP level 6. HP: 31/39 MP: 6/6
  4615 | D:4      | Reached *** piety under Hepliaklqana
  4639 | D:4      | Learned a level 2 spell: Corpse Rot
  4745 | D:4      | Identified the +1 whip "Qeul Akyashe" {protect, rElec rC+
                  | rN+ Dex+4}
  4865 | D:4      | Noticed a sky beast
  4874 | D:4      | Killed a sky beast
  4875 | D:4      | Reached skill level 1 in Maces & Flails
  5158 | D:4      | Gained mutation: A weak demonic guardian rushes to your
                  | aid. [demonic ancestry]
  5158 | D:4      | Reached XP level 7. HP: 41/45 MP: 7/7
  5442 | D:5      | Entered Level 5 of the Dungeon
  5548 | D:6      | Noticed a yak
  5548 | D:6      | Noticed a yak
  5548 | D:6      | Noticed a yak
  5548 | D:6      | Noticed a yak
  5549 | D:6      | Noticed a yak
  5549 | D:6      | Noticed a yak
  5567 | D:5      | Reached skill level 5 in Maces & Flails
  5579 | D:3      | HP: 3/67 [poisoned by a killer bee]
  5579 | D:3      | Slain by a killer bee

Illustrated notes

Levels and vault maps discovered:
D:1:      lightli_arrival_quake, layout_basic,
          ebering_ecumenical_altar_petrified
D:2:      layout_loops_cross, amethyst_killhole
D:3:      layout_basic, tgw_trog, serial_rivers, chequers_serial_rivers_room_a,
          chequers_serial_rivers_marsh, chequers_serial_rivers_micro_d,
          chequers_serial_rivers_micro_b, chequers_serial_rivers_room_b
D:4:      kennysheep_big_flooded_room, layout_gridville, grunt_ministairs_3,
          minmay_starry_boxes
D:5:      layout_cave_pools, lightli_temple_of_fire
D:6:      layout_cave_pods, mainiacjoe_overflow_alcove_4,
          minmay_temple_entry_tees

Skill      XL: |  1  2  3  4  5  6  7 |
---------------+----------------------+-----
Axes           | 3 4 5 6 |  6.9
Maces & Flails | 2 5 |  5.0
Fighting       | |  2.0
Throwing       | |  1.7
Dodging        | |  2.6

Action                   |  1- 3 |  4- 6 |  7- 9 || total
-------------------------+-------+-------+-------++-------
Melee: War axe           |    64 |   107 |       ||   171
       Tailslap          |    10 |    15 |     5 ||    30
       Whip              |       |    21 |    35 ||    56
       Hand axe          |       |     3 |       ||     3
       Punch             |       |     1 |       ||     1
Throw: Dart              |     2 |     6 |     1 ||     9
Invok: Ancestor Identity |     1 |       |       ||     1
       Ancestor Life: He |     1 |       |       ||     1
  Use: Potion            |       |       |     2 ||     2
 Stab: Distracted        |       |     1 |       ||     1
Armor: Leather armour    |    23 |     8 |    19 ||    50
       Scale mail        |       |    43 |       ||    43
Dodge: Dodged            |    37 |    69 |    24 ||   130
Block: Other             |       |    15 |    10 ||    25
